TOP OF THE 1ST |
Harrisburg Senators batting - Pitching for Columbia Fireflies : RHP Brett Hackmann
|
Pitching: RHP Brett Hackmann
|
|
Batting: LHB Diego Muniz
|
0-0: Ball 1-0: Reached via error on a dropped throw from 2B, E3 (Groundball, 4, EV 91.3 MPH)
|
Batting: RHB John McNeill
|
0-0: Called Strike Diego Muniz steals 2nd base 0-1: Ball 1-1: Fly out, F6 (Flyball, 56D, EV 84.4 MPH)
|
Batting: RHB Deshawn Boseman
|
0-0: Ball 1-0: Foul Ball, location: 2F 1-1: Foul Ball, location: 2F 1-2: SINGLE (Groundball, 4D, EV 96.3 MPH) Diego Muniz to third
|
Batting: LHB Shinji Adachi
|
0-0: Ball 1-0: Swinging Strike 1-1: Ball 2-1: Ball 3-1: Base on Balls Deshawn Boseman to second
|
Batting: RHB Rene Montoya
|
0-0: Ball 1-0: Foul Ball, location: 2F 1-1: Swinging Strike 1-2: Ball 2-2: Foul Ball, location: 2F 2-2: Fielders Choice at 2nd, 6-4 (Groundball, 6, EV 104.4 MPH) Diego Muniz scores Deshawn Boseman to third
|
Batting: RHB Jim Towle
|
0-0: Ball Rene Montoya steals 2nd base 1-0: Ball 2-0: Swinging Strike 2-1: Foul Ball, location: 2F 2-2: Fly out, F8 (Flyball, 8RS, EV 78.8 MPH)
|
Top of the 1st over - 1 run, 1 hit, 1 error, 2 left on base; Harrisburg 1 - Columbia 0 |
BOTTOM OF THE 1ST |
Columbia Fireflies batting - Pitching for Harrisburg Senators : LHP Mike Alcaraz
|
Pitching: LHP Mike Alcaraz
|
|
Batting: RHB Mike Phillips
|
0-0: Ball 1-0: Ball 2-0: Foul Ball, location: 2F 2-1: Ball 3-1: Base on Balls
|
Batting: RHB Billy Walker
|
0-0: Called Strike 0-1: Fly out, F8 (Line Drive, 8LM, EV 105.0 MPH)
|
Batting: RHB Jeff MacPhee
|
0-0: Ball 1-0: Swinging Strike 1-1: Swinging Strike 1-2: Strikes out swinging
|
Batting: LHB Joey Biber
|
0-0: Ball 1-0: Ball 2-0: Ball 3-0: Base on Balls Mike Phillips to second
|
Batting: RHB Jonathan Jelich
|
0-0: Ball 1-0: Ball 2-0: Called Strike 2-1: Ball 3-1: Fly out, F4 (Popup, 4MS, EV 76.9 MPH)
|
Bottom of the 1st over - 0 runs, 0 hits, 0 errors, 2 left on base; Harrisburg 1 - Columbia 0 |
TOP OF THE 2ND |
Harrisburg Senators batting - Pitching for Columbia Fireflies : RHP Brett Hackmann
|
Batting: RHB Juan Taveras
|
0-0: Fly out, F9 (Flyball, 9S, EV 73.8 MPH)
|
Batting: RHB Josh Lykins
|
0-0: Ball 1-0: Called Strike 1-1: Called Strike 1-2: Strikes out looking
|
Batting: RHB Haykuhi Kagramanian
|
0-0: Ball 1-0: Ball 2-0: Called Strike 2-1: Foul Ball, location: 2F 2-2: SINGLE (Groundball, 3D, EV 108.8 MPH)
|
Batting: LHB Diego Muniz
|
0-0: Swinging Strike 0-1: SINGLE (Groundball, 4D, EV 105.6 MPH) Haykuhi Kagramanian to second Runner from 2nd tries for 3rd, SAFE, throw by CF made at trailing runner, OUT! 8-6
|
Top of the 2nd over - 0 runs, 2 hits, 0 errors, 1 left on base; Harrisburg 1 - Columbia 0 |
BOTTOM OF THE 2ND |
Columbia Fireflies batting - Pitching for Harrisburg Senators : LHP Mike Alcaraz
|
Batting: RHB Shawn Mathews
|
0-0: Foul Ball, location: 2F 0-1: Foul Ball, location: 2F 0-2: SINGLE (Flyball, 8LS, EV 94.4 MPH)
|
Batting: RHB Yoshiro Higuchi
|
0-0: Fielders Choice at 2nd, 2-4 (Groundball, 2L, EV 71.9 MPH)
|
Batting: LHB Marc Durgin
|
0-0: Ball 1-0: Ball 2-0: Swinging Strike 2-1: Grounds into double play, 6-4-3 (Groundball, 6, EV 82.5 MPH)
|
Bottom of the 2nd over - 0 runs, 1 hit, 0 errors, 0 left on base; Harrisburg 1 - Columbia 0 |
TOP OF THE 3RD |
Harrisburg Senators batting - Pitching for Columbia Fireflies : RHP Brett Hackmann
|
Batting: RHB John McNeill
|
0-0: Ball 1-0: Fly out, F7 (Flyball, 7S, EV 91.9 MPH)
|
Batting: RHB Deshawn Boseman
|
0-0: Ball 1-0: Ball 2-0: Ball 3-0: Called Strike 3-1: Ground out 6-3 (Groundball, 56, EV 109.4 MPH)
|
Batting: LHB Shinji Adachi
|
0-0: Ball 1-0: Foul Ball, location: 2F 1-1: SINGLE (Groundball, 34D, EV 95.0 MPH)
|
Batting: RHB Rene Montoya
|
0-0: Ball 1-0: Called Strike 1-1: Called Strike 1-2: Fly out, F4 (Line Drive, 4, EV 66.9 MPH)
|
Top of the 3rd over - 0 runs, 1 hit, 0 errors, 1 left on base; Harrisburg 1 - Columbia 0 |
BOTTOM OF THE 3RD |
Columbia Fireflies batting - Pitching for Harrisburg Senators : LHP Mike Alcaraz
|
Batting: RHB Ricky Trejo
|
0-0: Ball 1-0: Ball 2-0: Ground out 6-3 (Groundball, 6, EV 100.6 MPH)
|
Batting: RHB Mike Phillips
|
0-0: Called Strike 0-1: Ball 1-1: Swinging Strike 1-2: Foul Ball, location: 2F 1-2: Ball 2-2: Strikes out swinging
|
Batting: RHB Billy Walker
|
0-0: Ball 1-0: Ground out 6-3 (Groundball, 56, EV 81.3 MPH)
|
Bottom of the 3rd over - 0 runs, 0 hits, 0 errors, 0 left on base; Harrisburg 1 - Columbia 0 |
TOP OF THE 4TH |
Harrisburg Senators batting - Pitching for Columbia Fireflies : RHP Brett Hackmann
|
Batting: RHB Jim Towle
|
0-0: Called Strike 0-1: Ball 1-1: Foul Ball, location: 2F 1-2: Foul Ball, location: 2F 1-2: Ball 2-2: Strikes out swinging
|
Batting: RHB Juan Taveras
|
0-0: Ball 1-0: DOUBLE (Groundball, 5L, EV 100.6 MPH)
|
Batting: RHB Josh Lykins
|
0-0: Swinging Strike 0-1: Ball 1-1: Ball 2-1: Ball 3-1: Ground out 6-3 (Groundball, 6, EV 111.9 MPH)
|
Batting: RHB Haykuhi Kagramanian
|
0-0: Swinging Strike 0-1: Ball 1-1: Foul Ball, location: 2F 1-2: Strikes out swinging
|
Top of the 4th over - 0 runs, 1 hit, 0 errors, 1 left on base; Harrisburg 1 - Columbia 0 |
BOTTOM OF THE 4TH |
Columbia Fireflies batting - Pitching for Harrisburg Senators : LHP Mike Alcaraz
|
Batting: RHB Jeff MacPhee
|
0-0: Foul Ball, location: 2F 0-1: Called Strike 0-2: Ball 1-2: Ball 2-2: Ground out U3 (Groundball, 34, EV 88.1 MPH)
|
Batting: LHB Joey Biber
|
0-0: Ball 1-0: Ball 2-0: Ground out 6-3 (Groundball, 4MS, EV 88.1 MPH)
|
Batting: RHB Jonathan Jelich
|
0-0: Hit by Pitch
|
Batting: RHB Shawn Mathews
|
0-0: Called Strike 0-1: Ball 1-1: Ball 2-1: Ball 3-1: Called Strike 3-2: Foul Ball, location: 2F 3-2: Base on Balls Jonathan Jelich to second
|
Batting: RHB Yoshiro Higuchi
|
0-0: Fly out, F8 (Flyball, 89XD, EV 92.5 MPH)
|
Bottom of the 4th over - 0 runs, 0 hits, 0 errors, 2 left on base; Harrisburg 1 - Columbia 0 |
TOP OF THE 5TH |
Harrisburg Senators batting - Pitching for Columbia Fireflies : RHP Brett Hackmann
|
Batting: LHB Diego Muniz
|
0-0: Called Strike 0-1: Ball 1-1: Foul Ball, location: 2F 1-2: Strikes out swinging
|
Batting: RHB John McNeill
|
0-0: Called Strike 0-1: DOUBLE (Groundball, 5L, EV 110.6 MPH)
|
Batting: RHB Deshawn Boseman
|
0-0: Ball 1-0: Swinging Strike 1-1: Ball 2-1: Ball 3-1: Foul Ball, location: 2F 3-2: Base on Balls
|
Batting: LHB Shinji Adachi
|
0-0: Ball 1-0: Ball John McNeill steals 3rd base 2-0: Called Strike 2-1: 3-RUN HOME RUN (Flyball, 9LD, EV 91.3 MPH), Distance : 342 ft
|
Batting: RHB Rene Montoya
|
0-0: Ball 1-0: Ball 2-0: Ball 3-0: Called Strike 3-1: Ground out 5-3 (Groundball, 15, EV 88.8 MPH)
|
Batting: RHB Jim Towle
|
0-0: DOUBLE (Line Drive, 7LS, EV 111.9 MPH)
|
Pitching: LHP Brad Harris
|
|
Batting: RHB Juan Taveras
|
0-0: SINGLE (Line Drive, 6MD, EV 103.8 MPH) Jim Towle to third Runner from 3rd tries for Home, SAFE, throw by CF to home
|
Batting: RHB Josh Lykins
|
0-0: Ball 1-0: Ground out 4-3 (Groundball, 4, EV 83.1 MPH)
|
Top of the 5th over - 4 runs, 4 hits, 0 errors, 1 left on base; Harrisburg 5 - Columbia 0 |
BOTTOM OF THE 5TH |
Columbia Fireflies batting - Pitching for Harrisburg Senators : LHP Mike Alcaraz
|
Batting: LHB Marc Durgin
|
0-0: Ball 1-0: Called Strike 1-1: Foul Ball, location: 2F 1-2: Ball 2-2: Hit by Pitch
|
Batting: RHB Ricky Trejo
|
0-0: Ball 1-0: Ball 2-0: Called Strike 2-1: Foul Ball, location: 2F 2-2: Foul Ball, location: 2F 2-2: Foul Ball, location: 2F 2-2: Foul Ball, location: 2F 2-2: Foul Ball, location: 2F 2-2: Ball 3-2: Hit by Pitch Marc Durgin to second
|
Batting: RHB Mike Phillips
|
0-0: Ball 1-0: Ball 2-0: Foul Ball, location: 2F 2-1: SINGLE (Flyball, 56D, EV 91.3 MPH) Marc Durgin to third Ricky Trejo to second
|
Batting: RHB Billy Walker
|
0-0: Ball 1-0: Called Strike 1-1: Called Strike 1-2: Strikes out swinging
|
Batting: RHB Jeff MacPhee
|
0-0: Fielders Choice at 2nd, 5-4 (Groundball, 56, EV 90.0 MPH) Marc Durgin scores Ricky Trejo to third
|
Batting: LHB Joey Biber
|
0-0: Foul Ball, location: 2F 0-1: Ball 1-1: Ball 2-1: Ball 3-1: Foul Ball, location: 2F 3-2: Fly out, F8 (Flyball, 8LXD, EV 91.9 MPH)
|
Bottom of the 5th over - 1 run, 1 hit, 0 errors, 2 left on base; Harrisburg 5 - Columbia 1 |
TOP OF THE 6TH |
Harrisburg Senators batting - Pitching for Columbia Fireflies : LHP Brad Harris
|
Batting: RHB Haykuhi Kagramanian
|
0-0: Ball 1-0: Ball 2-0: Called Strike 2-1: Called Strike 2-2: Ball 3-2: Foul Ball, location: 2F 3-2: Foul Ball, location: 2F 3-2: Foul Ball, location: 2F 3-2: Base on Balls
|
Batting: LHB Diego Muniz
|
0-0: Swinging Strike 0-1: Fly out, F9 (Flyball, 9LS, EV 93.1 MPH)
|
Batting: RHB John McNeill
|
0-0: Called Strike 0-1: Swinging Strike 0-2: Ball 1-2: Foul Ball, location: 2F 1-2: Foul Ball, location: 2F 1-2: Foul Ball, location: 2F 1-2: Ball 2-2: Fielders Choice at 2nd, 4-6 (Groundball, 13, EV 88.8 MPH)
|
Batting: RHB Deshawn Boseman
|
0-0: Called Strike 0-1: Called Strike 0-2: 2-RUN HOME RUN (Flyball, 89XD, EV 106.3 MPH), Distance : 383 ft
|
Batting: LHB Shinji Adachi
|
0-0: Foul Ball, location: 2F 0-1: Hit by Pitch
|
Batting: RHB Rene Montoya
|
0-0: SINGLE (Groundball, 23, EV 60.6 MPH) (infield hit) Shinji Adachi to second
|
Pinch Runner at 1st Marcus Dawson:
|
|
Batting: RHB Jim Towle
|
0-0: Swinging Strike 0-1: Ball 1-1: Foul Ball, location: 2F 1-2: Ball 2-2: Ball 3-2: Strikes out swinging
|
Top of the 6th over - 2 runs, 2 hits, 0 errors, 2 left on base; Harrisburg 7 - Columbia 1 |
BOTTOM OF THE 6TH |
Columbia Fireflies batting - Pitching for Harrisburg Senators : LHP Mike Alcaraz
|
Pitching: RHP Sam Wood
|
|
Now at 2B: Jim Towle
|
|
Now at SS: Marcus Dawson
|
|
Batting: RHB Jonathan Jelich
|
0-0: Ball 1-0: Ball 2-0: Ball 3-0: Called Strike 3-1: Base on Balls
|
Batting: RHB Shawn Mathews
|
0-0: Ball 1-0: Ball 2-0: Ball 3-0: Base on Balls Jonathan Jelich to second
|
Batting: RHB Yoshiro Higuchi
|
0-0: Ball Wild Pitch! Jonathan Jelich to third Shawn Mathews to second 1-0: SINGLE (Line Drive, 5D, EV 104.4 MPH) Jonathan Jelich scores Shawn Mathews to third
|
Batting: LHB Marc Durgin
|
0-0: Called Strike 0-1: Swinging Strike 0-2: Ball 1-2: Ball 2-2: Ball 3-2: Base on Balls Yoshiro Higuchi to second
|
Pinch Hitting: LHB Roy Blonski
|
0-0: Grounds into double play, 6-4-3 (Groundball, 6, EV 93.1 MPH) Shawn Mathews scores Yoshiro Higuchi to third
|
Batting: RHB Mike Phillips
|
0-0: Ball 1-0: Ball 2-0: Foul Ball, location: 2F 2-1: Foul Ball, location: 2F 2-2: Foul Ball, location: 2F 2-2: Fly out, F8 (Flyball, 8RM, EV 78.8 MPH)
|
Bottom of the 6th over - 2 runs, 1 hit, 0 errors, 1 left on base; Harrisburg 7 - Columbia 3 |
TOP OF THE 7TH |
Harrisburg Senators batting - Pitching for Columbia Fireflies : LHP Brad Harris
|
Pitching: RHP Jose Herrera
|
|
Now at 1B: Roy Blonski
|
|
Now at 3B: Billy Walker
|
|
Batting: RHB Juan Taveras
|
0-0: Ball 1-0: Ball 2-0: Ball 3-0: Called Strike 3-1: Called Strike 3-2: SOLO HOME RUN (Flyball, 9D, EV 97.5 MPH), Distance : 354 ft
|
Batting: RHB Josh Lykins
|
0-0: Foul Ball, location: 2F 0-1: TRIPLE (Groundball, 3L, EV 103.8 MPH)
|
Batting: RHB Haykuhi Kagramanian
|
0-0: Foul Ball, location: 2F 0-1: Ball 1-1: Fly out, F8 (Line Drive, 8LD, EV 96.9 MPH)
|
Batting: LHB Diego Muniz
|
0-0: Called Strike 0-1: Foul Ball, location: 2F 0-2: Strikes out swinging
|
Batting: RHB John McNeill
|
0-0: Foul Ball, location: 2F 0-1: Ball 1-1: Ground out 5-3 (Groundball, 56, EV 83.1 MPH)
|
Top of the 7th over - 1 run, 2 hits, 0 errors, 1 left on base; Harrisburg 8 - Columbia 3 |
BOTTOM OF THE 7TH |
Columbia Fireflies batting - Pitching for Harrisburg Senators : RHP Sam Wood
|
Batting: RHB Billy Walker
|
0-0: Ball 1-0: Foul Ball, location: 2F 1-1: Ground out 6-3 (Groundball, 6, EV 80.0 MPH)
|
Batting: RHB Jeff MacPhee
|
0-0: Ball 1-0: Swinging Strike 1-1: Ball 2-1: Swinging Strike 2-2: Strikes out swinging
|
Batting: LHB Joey Biber
|
0-0: Called Strike 0-1: Ball 1-1: Ball 2-1: Foul Ball, location: 2F 2-2: Ball 3-2: Foul Ball, location: 2F 3-2: Foul Ball, location: 2F 3-2: Base on Balls
|
Pitching: RHP Tony Estrada
|
|
Batting: RHB Jonathan Jelich
|
0-0: Ball Joey Biber steals 2nd base 1-0: Ball 2-0: Called Strike 2-1: Fly out, F9 (Line Drive, 9D, EV 90.6 MPH)
|
Bottom of the 7th over - 0 runs, 0 hits, 0 errors, 1 left on base; Harrisburg 8 - Columbia 3 |
TOP OF THE 8TH |
Harrisburg Senators batting - Pitching for Columbia Fireflies : RHP Jose Herrera
|
Batting: RHB Deshawn Boseman
|
0-0: SINGLE (Groundball, 6, EV 101.9 MPH)
|
Batting: LHB Shinji Adachi
|
0-0: DOUBLE (Line Drive, 3D, EV 99.4 MPH) Deshawn Boseman to third
|
Batting: RHB Marcus Dawson
|
0-0: Foul Ball, location: 2F 0-1: Ball 1-1: Fly out, F8 (Flyball, 8RM, EV 93.1 MPH)
|
Batting: RHB Jim Towle
|
0-0: Ball 1-0: Ball 2-0: Ball 3-0: Base on Balls
|
Batting: RHB Juan Taveras
|
0-0: Swinging Strike 0-1: DOUBLE (Line Drive, 78D, EV 103.1 MPH) Deshawn Boseman scores Shinji Adachi scores Jim Towle to third Runner from 3rd tries for Home, SAFE, throw by CF to home
|
Pitching: RHP Bruce Charles
|
|
Batting: RHB Josh Lykins
|
0-0: Called Strike 0-1: Called Strike 0-2: Ball 1-2: Strikes out swinging
|
Batting: RHB Haykuhi Kagramanian
|
0-0: Foul Ball, location: 2F 0-1: SINGLE (Line Drive, 78M, EV 100.6 MPH) Juan Taveras to third
|
Batting: LHB Diego Muniz
|
0-0: Ball 1-0: Called Strike 1-1: Fly out, F5 (Popup, 56D, EV 60.0 MPH)
|
Top of the 8th over - 3 runs, 4 hits, 0 errors, 2 left on base; Harrisburg 11 - Columbia 3 |
BOTTOM OF THE 8TH |
Columbia Fireflies batting - Pitching for Harrisburg Senators : RHP Tony Estrada
|
Batting: RHB Shawn Mathews
|
0-0: Fly out, F8 (Flyball, 8RD, EV 85.0 MPH)
|
Batting: RHB Yoshiro Higuchi
|
0-0: Ball 1-0: Foul Ball, location: 2F 1-1: Swinging Strike 1-2: Ball 2-2: SINGLE (Groundball, 4M, EV 95.0 MPH) (infield hit)
|
Pinch Hitting: LHB Chris Carter
|
0-0: Called Strike 0-1: Ball 1-1: Swinging Strike 1-2: Ball 2-2: Foul Ball, location: 2F 2-2: SINGLE (Flyball, 5D, EV 85.0 MPH) Yoshiro Higuchi to second
|
Pinch Hitting: LHB Tony Santiago
|
0-0: Ball 1-0: Fielders Choice at 2nd, 3-6 (Groundball, 3, EV 88.1 MPH) Yoshiro Higuchi to third
|
Batting: RHB Mike Phillips
|
0-0: Ball 1-0: Ball 2-0: Foul Ball, location: 2F 2-1: Ball 3-1: Base on Balls Tony Santiago to second
|
Batting: RHB Billy Walker
|
0-0: Ball 1-0: Swinging Strike 1-1: Fielders Choice at 2nd, 5-4 (Groundball, 56, EV 86.9 MPH)
|
Bottom of the 8th over - 0 runs, 2 hits, 0 errors, 3 left on base; Harrisburg 11 - Columbia 3 |
TOP OF THE 9TH |
Harrisburg Senators batting - Pitching for Columbia Fireflies : RHP Bruce Charles
|
Pitching: RHP Ryan Wilson
|
|
Now at 1B: Tony Santiago
|
|
Now in LF: Chris Carter
|
|
Now in CF: Jeff MacPhee
|
|
Now in RF: Joey Biber
|
|
Batting: RHB John McNeill
|
0-0: Ball 1-0: Ground out U3 (Groundball, 3S, EV 70.6 MPH)
|
Batting: RHB Deshawn Boseman
|
0-0: Ball 1-0: Called Strike 1-1: Ball 2-1: Ball 3-1: Fly out, F8 (Flyball, 8RXD, EV 103.8 MPH)
|
Batting: LHB Shinji Adachi
|
0-0: Ball 1-0: Called Strike 1-1: Ball 2-1: Ball 3-1: SINGLE (Line Drive, 8LM, EV 105.6 MPH)
|
Batting: RHB Marcus Dawson
|
0-0: Ball 1-0: Ball 2-0: Swinging Strike 2-1: Foul Ball, location: 2F 2-2: Strikes out swinging
|
Top of the 9th over - 0 runs, 1 hit, 0 errors, 1 left on base; Harrisburg 11 - Columbia 3 |
BOTTOM OF THE 9TH |
Columbia Fireflies batting - Pitching for Harrisburg Senators : RHP Tony Estrada
|
Pinch Hitting: RHB Eddie Mitchell
|
0-0: Called Strike 0-1: Called Strike 0-2: Foul Ball, location: 2F 0-2: Foul Ball, location: 2F 0-2: Fly out, F4 (Popup, 4M, EV 59.4 MPH)
|
Batting: LHB Joey Biber
|
0-0: Called Strike 0-1: Swinging Strike 0-2: SINGLE (Line Drive, 9S, EV 107.5 MPH)
|
Pitching: RHP Fernando Fierros
|
|
Batting: RHB Jonathan Jelich
|
0-0: Ball 1-0: Fly out, F6 (Flyball, 56D, EV 89.4 MPH)
|
Batting: RHB Shawn Mathews
|
0-0: Ball 1-0: Ball 2-0: Foul Ball, location: 2F 2-1: Foul Ball, location: 2F 2-2: Ball 3-2: Base on Balls Joey Biber to second
|
Batting: RHB Yoshiro Higuchi
|
0-0: Foul Ball, location: 2F 0-1: Ball 1-1: Ball 2-1: Swinging Strike 2-2: Foul Ball, location: 2F 2-2: Foul Ball, location: 2F 2-2: Strikes out swinging
|
Bottom of the 9th over - 0 runs, 1 hit, 0 errors, 2 left on base; Harrisburg 11 - Columbia 3 |
|